 Dungeon Crawl Stone Soup version 0.30-a0-169-g06f667207d (webtiles) character file.

Game seed: 9419171343423652499

545 qw the Chopper (level 7, -1/44 HPs)
             Began as a Gargoyle Fighter on Sept 30, 2022.
             Slain by a hound (3 damage)
             ... on level 5 of the Dungeon.
             The game lasted 00:01:20 (3673 turns).

qw the Chopper (Gargoyle Fighter)                   Turns: 3673, Time: 00:01:21

Health: -1/44      AC: 15    Str: 21    XL:     7   Next: 27%
Magic:  7/7        EV:  7    Int: 11    God:
Gold:   153        SH:  9    Dex:  9    Spells: 6/6 levels left

rFire   . . .      SeeInvis .    a - +11 broad axe of Wueqiril {flame, Will+ Int+2}
rCold   + . .      Faith    .    c - +0 buckler
rNeg    + . .      Spirit   .    h - +0 chain mail
rPois   inf        Reflect  +    (no helmet)
rElec   +          Harm     .    (no cloak)
rCorr   .          Rampage  .    g - +0 pair of gloves
Will    +....                    (no boots)
Stlth   ..........               n - amulet of reflection
HPRegen 0.14/turn                o - ring of protection from cold
MPRegen 0.10/turn                (no ring)

@: about to teleport
A: sickness immunity, AC +4, negative energy resistance 1, electricity
resistance, torment resistance 1, petrification resistance, hooves 1
a: no special abilities


You were on level 5 of the Dungeon.
You visited 1 branch of the dungeon, and saw 5 of its levels.

You collected 153 gold pieces.


Innate Abilities, Weirdness & Mutations

You are immune to sickness and miasma.
Your stone body is resilient. (AC +4)
You are immune to poison.
You resist negative energy. (rN+)
You are resistant to electric shocks. (rElec)
You are resistant to unholy torment.
You are immune to petrification.
You have large cloven feet.


   Skills:
 - Level 4.5 Fighting
 + Level 6.3 Axes
 - Level 3.2 Armour
 - Level 1.0 Dodging
 - Level 3.2 Shields


You had 6 spell levels left.
You didn't know any spells.
Your spell library was empty.

Inventory:

Hand Weapons
 a - the +11 broad axe of Wueqiril (weapon) {flame, Will+ Int+2}
   (You acquired it on level 3 of the Dungeon)

   It burns those it strikes, dealing additional fire damage.
   Big, fiery blades are also staple armaments of hydra-hunters.
   Int:       It affects your intelligence (+2).
   Will:      It increases your willpower.
Missiles
 i - a boomerang (quivered)
Armour
 c - a +0 buckler (worn)
 g - a +0 pair of gloves (worn)
 h - a +0 chain mail (worn)
Jewellery
 n - an amulet of reflection (around neck)
 o - a ring of protection from cold (left hand)
Scrolls
 p - a scroll of identify
 q - 2 scrolls of teleportation
Potions
 d - 2 potions of might
 e - a potion of curing
 f - a potion of mutation
 j - 2 potions of haste
 k - a potion of cancellation
 l - a potion of lignification {unknown}
 s - a potion of heal wounds {unknown}

Dungeon Overview and Level Annotations

Branches:
Dungeon (5/15)
 Temple: D:4-7

Altars:
Kikubaaqudgha

Annotations:
D:3 1 runed translucent door, qw's ghost, amateur GrFi
D:4 1 runed translucent door, Crazy Yiuf
D:5 Grinder


Message History

You completely miss the ogre. Your kick misses the ogre.
The ogre is severely wounded.
You closely miss Grinder. You hit the iguana. You burn the iguana.
The ogre hits you with a +0 giant spiked club.
The iguana bites you!
Grinder zaps a wand.
The puff of flame hits you!
3665 ||| READING 4 scrolls of teleportation.
As you read the scroll of teleportation, it crumbles to dust.
You feel strangely unstable. You block the iguana's attack.
Grinder zaps a wand.
The puff of flame hits you.
You slice the ogre!! You burn the ogre.
You kill the ogre!
You slash Grinder! You burn Grinder. You barely miss the iguana.
Grinder hits you.
You writhe in agony.
The iguana closely misses you.
Your Axes skill increases to level 6!
You slash Grinder! You burn Grinder. Your kick misses Grinder.
Grinder is severely wounded.
You slash the iguana! You burn the iguana.
You kill the iguana!
You slash the orc! You burn the orc.
You kill the orc!
Grinder gestures at you.
You suddenly lose the ability to move!
Grinder hits you but does no damage. Grinder hits you but does no damage.
The orc hits you but does no damage.
Your surroundings suddenly seem different.
A hound comes into view.
Found a tubular ivory ring and a robe.
Found a stone staircase leading down.
The hound barks!
You can move again.
Enter note:
3671 ||| READING 3 scrolls of teleportation.
As you read the scroll of teleportation, it crumbles to dust.
You feel strangely unstable. The hound bites you but does no damage.
You block the hound's attack.
You completely miss the hound. The hound closely misses you.
The hound bites you but does no damage.
You slash the hound! You burn the hound.
The hound is heavily wounded.
The hound pauses to sniff the ground.
The hound bites you.
You die...

## #####+### #
..........# #.
.#..[....+ ..
........#
##.#.#.h.....#
#....=@......#
##.#.#.......#
.. .#.######
#. .# .# #. >.
.# # .# .# ..
.# ## .#


You could see a hound.

Vanquished Creatures
  An ogre (D:5)
  A necrophage (D:5)
  A scorpion (D:4)
  2 hounds (D:4)
  An orc priest (D:4)
  A gnoll bouda (D:4)
  An iguana (D:5)
  An orc wizard (D:4)
  2 adders (D:3)
  4 gnolls
  2 ufetubi (D:4)
  4 worms (D:4)
  4 dart slugs
  6 orcs
  7 endoplasms
  4 giant cockroaches
  9 goblins
  7 hobgoblins
  5 jackals
  4 kobolds
  3 quokkas
  5 ball pythons
  11 bats
  4 frilled lizards
  7 rats
97 creatures vanquished.

Notes
Turn   | Place    | Note
-------+----------+-------------------------------------------
     0 | D:1      | qw the Gargoyle Fighter began the quest for the Orb.
     0 | D:1      | Reached XP level 1. HP: 14/14 MP: 1/1
     0 | D:1      | 0 ||| qw: Version: 0.2-a-12-gaebbb33
     0 | D:1      | 0 ||| qw: Game counter: 1412
     0 | D:1      | 0 ||| qw: Always use a shield: true
     0 | D:1      | 0 ||| qw: God list: Okawaru
     0 | D:1      | 0 ||| qw: Allow faded altars: false
     0 | D:1      | 0 ||| qw: Do Orc after D:15 true
     0 | D:1      | 0 ||| qw: Do second Lair branch before Depths: true
     0 | D:1      | 0 ||| qw: Lair rune preference: random
     0 | D:1      | 0 ||| qw: Plans: Normal, Zot:1-4, God:TSO, Crypt, Tomb,
                  | Pan, Slime:5, Hells, Abyss, Orb
     0 | D:1      | 0 ||| PLANNING D:1-11
    40 | D:1      | Reached skill level 2 in Axes
   144 | D:1      | Reached XP level 2. HP: 19/19 MP: 2/2
   414 | D:1      | Reached skill level 3 in Axes
   489 | D:1      | Reached XP level 3. HP: 23/23 MP: 3/3
  1019 | D:1      | 1019 ||| UPGRADING to +0 pair of gloves.
  1024 | D:1      | 1024 ||| READING scroll labelled JOINOV ABBELUA.
  1025 | D:1      | 1025 ||| READING scroll labelled LIANAPAVAOL.
  1026 | D:1      | 1026 ||| READING scroll labelled HYHIUF QABATI.
  1027 | D:1      | 1027 ||| READING scroll labelled DIDEUQ TINE.
  1028 | D:1      | 1028 ||| DRINKING 2 brown potions.
  1029 | D:1      | 1029 ||| DRINKING 2 smoky emerald potions.
  1061 | D:1      | 1061 ||| Stepping ~*~*~tactically~*~*~ (stealth).
  1076 | D:2      | 1076 ||| STAIRDANCE
  1078 | D:2      | 1078 ||| STAIRDANCE
  1099 | D:2      | 1099 ||| Stepping ~*~*~tactically~*~*~ (hiding).
  1102 | D:2      | 1102 ||| Stepping ~*~*~tactically~*~*~ (hiding).
  1103 | D:2      | 1103 ||| Stepping ~*~*~tactically~*~*~ (hiding).
  1823 | D:2      | 1823 ||| READING scroll labelled KAILEL NION.
  1826 | D:2      | 1826 ||| READING scroll labelled VIUBBO GURU.
  1864 | D:3      | Reached XP level 4. HP: 28/28 MP: 4/4
  1872 | D:3      | 1872 ||| Stepping ~*~*~tactically~*~*~ (stealth).
  1892 | D:3      | Reached skill level 4 in Axes
  1908 | D:3      | 1908 ||| FLEEEEING.
  1932 | D:3      | Found a faded altar of an unknown god.
  1970 | D:3      | Identified the +3 leather armour "Roacodoz" {Dex+7}
  2262 | D:3      | 2262 ||| DROPPING +0 whip.
  2405 | D:3      | Found a runed translucent door.
  2406 | D:3      | Noticed qw's ghost (amateur GrFi)
  2512 | D:3      | 2512 ||| DROPPING +3 leather armour "Roacodoz" {Dex+7}.
  2513 | D:3      | 2513 ||| UPGRADING to amulet of reflection.
  2518 | D:3      | 2518 ||| READING scroll labelled COTWAE ERIDO.
  2519 | D:3      | 2519 ||| READING scroll labelled GUSECL QERO.
  2519 | D:3      | Identified a scroll of acquirement
  2519 | D:3      | 2519 ||| ACQUIRING +11 broad axe of Wueqiril {flame, Will+
                  | Int+2}
  2519 | D:3      | Acquired the +11 broad axe of Wueqiril {flame, Will+ Int+2}
  2521 | D:3      | 2521 ||| SWAPPING to +11 broad axe of Wueqiril {flame,
                  | Will+ Int+2}.
  2522 | D:3      | 2522 ||| DROPPING +0 flail.
  2523 | D:3      | 2523 ||| DROPPING +0 war axe.
  2524 | D:3      | 2524 ||| DRINKING 2 viscous black potions.
  2524 | D:3      | Gained mutation: You have large cloven feet. [potion of
                  | mutation]
  2525 | D:3      | 2525 ||| DRINKING 2 smoky sapphire potions.
  2526 | D:3      | 2526 ||| DROPPING potion of flight.
  2552 | D:4      | 2552 ||| PLANNING SEWER
  2610 | D:4      | 2610 ||| Stepping ~*~*~tactically~*~*~ (stealth).
  2612 | D:4      | 2612 ||| Stepping ~*~*~tactically~*~*~ (stealth).
  2613 | D:4      | 2613 ||| Stepping ~*~*~tactically~*~*~ (stealth).
  2703 | D:4      | 2703 ||| Stepping ~*~*~tactically~*~*~ (stealth).
  2704 | D:4      | 2704 ||| Stepping ~*~*~tactically~*~*~ (stealth).
  2709 | D:4      | Reached XP level 5. HP: 30/32 MP: 5/5
  2792 | D:4      | 2792 ||| Stepping ~*~*~tactically~*~*~ (stealth).
  2799 | D:4      | 2799 ||| Stepping ~*~*~tactically~*~*~ (hiding).
  2802 | D:4      | Reached skill level 5 in Axes
  2811 | D:4      | 2811 ||| Stepping ~*~*~tactically~*~*~ (hiding).
  2984 | D:4      | Reached XP level 6. HP: 39/39 MP: 6/6
  3020 | D:4      | Found a runed translucent door.
  3021 | D:4      | Noticed Crazy Yiuf
  3043 | D:4      | 3043 ||| Stepping ~*~*~tactically~*~*~ (stealth).
  3046 | D:4      | 3046 ||| Stepping ~*~*~tactically~*~*~ (stealth).
  3163 | D:4      | 3163 ||| RIP SEWER
  3164 | D:4      | 3164 ||| PLANNING D:1-11
  3260 | D:4      | 3260 ||| Stepping ~*~*~tactically~*~*~ (stealth).
  3261 | D:4      | Found an ancient bone altar of Kikubaaqudgha.
  3361 | D:4      | Reached skill level 1 in Dodging
  3614 | D:4      | 3614 ||| UPGRADING to +0 chain mail.
  3624 | D:4      | 3624 ||| DROPPING +0 scale mail.
  3625 | D:4      | 3625 ||| UPGRADING to ring of protection from cold.
  3626 | D:4      | 3626 ||| READING scroll labelled CILOUK EFYG.
  3627 | D:4      | 3627 ||| READING scroll labelled AFUAST WOUWU.
  3628 | D:4      | 3628 ||| DRINKING 2 purple potions.
  3629 | D:4      | 3629 ||| READING 2 scrolls of identify.
  3629 | D:4      | 3629 ||| IDENTIFYING black potion
  3630 | D:4      | 3630 ||| DROPPING potion of magic.
  3656 | D:5      | Entered Level 5 of the Dungeon
  3658 | D:5      | Noticed Grinder
  3662 | D:5      | Reached XP level 7. HP: 41/44 MP: 7/7
  3664 | D:5      | HP: 8/44 [Grinder/puff of flame (10)]
  3665 | D:5      | 3665 ||| READING 4 scrolls of teleportation.
  3665 | D:5      | HP: 3/44 [Grinder/puff of flame (5)]
  3666 | D:5      | HP: 1/44 [Grinder (1)]
  3667 | D:5      | Reached skill level 6 in Axes
  3667 | D:5      | Paralysed by Grinder for 4 turns
  3671 | D:5      | 3671 ||| READING 3 scrolls of teleportation.
  3673 | D:5      | Slain by a hound

Levels and vault maps discovered:
D:1:      onia_arrival_mini_spirals, layout_loops_ring
D:2:      layout_basic, minmay_misc_feat_nine_boxes
D:3:      layout_basic, hellmonk_ecumenical_altar_dog_temple,
          ebering_ghost_reflecting_pool, feat_on_display
D:4:      layout_rooms, nicolae_overflow_hidden_temple, gup_sewer_entry_spiral,
          minivault_19, minmay_door_square, hex_intersection, abandoned_shop,
          uniq_crazy_yiuf_cottage
D:5:      black_bear_nest_1, layout_basic, lemuel_blue_sif_altar, st_stairs_13,
          uniq_grinder

Skill      XL: |  1  2  3  4  5  6  7 |
---------------+----------------------+-----
Axes           | 2 3 4 5 6 |  6.3
Fighting       | 4 |  4.5
Dodging        | 1 |  1.0
Armour         | |  3.2
Shields        | |  3.2

Action                   |  1- 3 |  4- 6 |  7- 9 || total
-------------------------+-------+-------+-------++-------
Melee: War axe           |    92 |    49 |       ||   141
       Broad axe         |       |    43 |     7 ||    50
       Kick              |       |     3 |     1 ||     4
Throw: Boomerang         |    42 |    57 |       ||    99
  Use: Scroll            |     6 |     5 |     2 ||    13
       Potion            |     2 |     3 |       ||     5
Armor: Scale mail        |    37 |    46 |       ||    83
       Chain mail        |       |     2 |     6 ||     8
Dodge: Dodged            |    37 |    34 |     4 ||    75
Block: Buckler           |    26 |    29 |     3 ||    58

Table legend:
 A = Non-vault XP
 B = Vault XP
 C = Vault XP percentage of total XP
 D = Non-vault monster count
 E = Vault monster count
 F = Vault count percentage of total count
                 A         B        C        D         E       F
            +---------+---------+-------+---------+---------+-------
      Total |     756 |      23 |   3.0 |      90 |       7 |   7.2
            +---------+---------+-------+---------+---------+-------
        D:1 |      57 |       0 |   0.0 |      26 |       0 |   0.0
        D:2 |      22 |       0 |   0.0 |      12 |       0 |   0.0
        D:3 |      57 |       6 |   9.5 |      22 |       3 |  12.0
        D:4 |     375 |      17 |   4.3 |      26 |       4 |  13.3
        D:5 |     245 |       0 |   0.0 |       4 |       0 |   0.0
            +---------+---------+-------+---------+---------+-------
